 Dungeon Crawl Stone Soup version 0.32-a0-675-gdc239d62e1 (webtiles) character file.

Game seed: 17711485102003665325

4 Shayle the Apothecary (level 1, -1/13 HPs)
             Began as a Coglin Alchemist on Mar 11, 2024.
             Killed from afar by a dart slug (3 damage)
             ... with a slug dart
             ... on level 1 of the Dungeon.
             The game lasted 00:00:25 (117 turns).

Shayle the Apothecary (Coglin Alchemist)             Turns: 117, Time: 00:00:27

Health: -1/13      AC:  2    Str:  8    XL:     1   Next: 60%
Magic:  0/3        EV: 12    Int: 14    God:
Gold:   7          SH:  0    Dex: 14    Spells: 2/3 levels left

rFire   . . .        (no weapon)
rCold   . . .        (no shield)
rNeg    . . .        a - +0 robe
rPois   .            (no helmet)
rElec   .            (no cloak)
rCorr   .            (no gloves)
SInv    .            (no boots)
Will    .....        (amulet unavailable)
Stlth   ++           (ring unavailable)
HPRegen 0.22/turn    (ring unavailable)
MPRegen 0.08/turn    (no gizmo)

%: no passive effects
@: very slightly contaminated, revved
A: off-hand wielding, slow wielding, warmup strikes, no jewellery
a: Invent Gizmo


You were on level 1 of the Dungeon.
You visited 1 branch of the dungeon, and saw 1 of its levels.

You collected 7 gold pieces.

Inventory:

Armour
 a - a +0 robe (worn)
Potions
 b - a potion of magic


   Skills:
 + Level 1.8 Dodging
 - Level 1.5 Stealth
 + Level 1.8 Spellcasting
 + Level 1.0 Conjurations
 + Level 3.3 Alchemy


You had 2 spell levels left.
You knew the following spells:

 Your Spells              Type           Power      Damage    Failure   Level
a - Sting                 Conj/Alch      28%        1d4       10%         1

Your spell library contained the following spells:

 Spells                   Type           Power      Damage    Failure   Level
 Mercury Vapours          Alch/Air       12%        N/A       19%         2
 Mephitic Cloud           Conj/Alch/Air  5%         N/A       36%         3
 Olgreb's Toxic Radiance  Alch           10%        N/A       52%         4
 Sticky Flame             Fire/Alch      6%         2d4       77%         4


Dungeon Overview and Level Annotations

Branches:
Dungeon (1/15)

Altars:


Innate Abilities, Weirdness & Mutations

You can wield a second weapon in your off-hand.
It takes a long time for you to wield or remove held weapons.
Your first few attacks do less damage.
You cannot equip rings or amulets.


Message History

Press: ? - help, Shift-Dir - straight line, f - dart slug
Aim: a dart slug (100% to hit)
You miscast Sting.
You are very lightly contaminated with residual magic.
Nothing appears to happen.
Casting: Sting (safe; 10% risk of failure)
Confirm with . or Enter, or press ? or * to list all spells.
Aiming: Sting (safe; 10% risk of failure)
Press: ? - help, Shift-Dir - straight line, f/p - dart slug
Aim: a dart slug (100% to hit)
The sting hits the dart slug.
The dart slug is poisoned.
The dart slug is lightly wounded.
The dart slug launches a dart at you. The slug dart hits you.
You hit the dart slug.
The dart slug is moderately wounded.
The dart slug misses you.
You hit the dart slug but do no damage.
The dart slug is moderately wounded.
You hit the dart slug.
The dart slug is heavily wounded.
The dart slug launches a dart at you. The slug dart hits you.
You hit the dart slug but do no damage.
The dart slug is almost dead.
The dart slug looks more healthy.
The dart slug launches a dart at you. The slug dart hits you.
* * * LOW HITPOINT WARNING * * *
You hit the dart slug but do no damage.
The dart slug is almost dead.
Casting: Sting (safe; 10% risk of failure)
Confirm with . or Enter, or press ? or * to list all spells.
Aiming: Sting (safe; 10% risk of failure)
Press: ? - help, Shift-Dir - straight line, f/p - dart slug
Aim: a dart slug (almost dead, 100% to hit)
You miscast Sting.
Nothing appears to happen.
The dart slug launches a dart at you. The slug dart hits you.
You die...

#.# # ##########.# #
#..........# #
####.#######..# #####
#######........###..###....
...........###.##...#.....#
#######.#### ###+###'###+#
######.#######............
......=...@w..#.ß.⌠⌠⌠(⌠⌠⌠.ß
#.#.#.#########............
#. #~~~~~~~~~~~~ #
#~≈~~≈≈~≈~≈~≈ #≈~~~~~~≈≈~~≈
#~≈≈~≈≈~~≈~~~ #≈≈≈~~≈~≈~~≈~
#≈≈≈~~≈~≈~~≈≈ #≈≈≈~~≈~≈~~~≈


You could see a dart slug.

Vanquished Creatures
  A dart slug (D:1)
  An endoplasm (D:1)
2 creatures vanquished.

Notes
Turn   | Place    | Note
-------+----------+-------------------------------------------
     0 | D:1      | Shayle the Coglin Alchemist began the quest for the Orb.
     0 | D:1      | Reached XP level 1. HP: 13/13 MP: 3/3
    78 | D:1      | Reached skill level 1 in Conjurations
   117 | D:1      | Killed from afar by a dart slug

Illustrated notes

Levels and vault maps discovered:
D:1:      zaba_arrival_water, layout_loops_ring,
          dreamdust_ecumenical_altar_statues

Skill      XL: |  1 |
---------------+----+-----
Conjurations   | 1 |  1.0
Dodging        | |  1.8
Stealth        | |  1.5
Spellcasting   | |  1.8
Alchemy        | |  3.3

Action                     || total
---------------------------++-------
  Melee: Unarmed           ||     5
   Cast: Sting             ||     4
 Armour: Robe              ||     5
  Dodge: Dodged            ||     1

Table legend: (Time is in decaauts)
 A = Elapsed time spent in this place.
 B = Non-inter-level travel time spent in this place.
 C = Inter-level travel time spent in this place.
 D = Time resting spent in this place.
 E = Time spent auto-exploring this place.
 F = Levels seen in this place.
 G = Mean time per level.
                   A        B        C        D        E       F      G
               +--------+--------+--------+--------+--------+-----+--------+
         Total |    123 |    123 |      0 |     28 |     62 |   1 |  123.0 |
       Dungeon |    123 |    123 |      0 |     28 |     62 |   1 |  123.0 |
               +--------+--------+--------+--------+--------+-----+--------+

Top non-repeatable levels by time:
     D:1: 123 daAuts
